cohdb
Replays
Latest Replays
All Replays
Popular Replays
Top Player Replays
Match Explorer
How It Works
Community
CoH3 Stats
Reddit
Sign in to upload your games and track your stats! →
Sign in with Steam
Match 42089124
Unlisted
Match 42089124
Overview
Messages
Build Orders
End
Engineer Squad
Construct Weapon Support Center
Selects Heavy Weapons
M1919 Machine Gun Team
M1919 Machine Gun Team
Bazooka Squad
Infantry Support Center
Construct Medical Station
M3 Armored Personnel Carrier
M3 Armored Personnel Carrier
Advanced Logistics
Construct Barracks
Riflemen Squad
Riflemen Squad
Riflemen Squad
Riflemen Squad
Selects M2HB .50cal Heavy Machine Gun
Selects Gallant Stand
Selects Bolstered Team Weapons
M1918 Browning Automatic Rifles
Survival Training
Grenade Package
Riflemen Squad
Riflemen Squad
Bazooka Squad
Bazooka Squad
Selects Assault Carriers
Selects Halftrack Strongpoints
Munitions Surplus
Improved M9 Bazooka Rockets
Bazooka Squad
Sjoerdy2K
Bananenknul
Microsoft Outlook
deadsadbadmad
0
0
Comments
sign in to comment!
No comments posted yet!